 Dungeon Crawl Stone Soup version 0.23.2-40-g277498a (webtiles) character file.

Game seed: 11430109209095953078

244946 zhovat the Warrior (level 18, 0/176 HPs)
             Began as a Minotaur Fighter on Aug 25, 2019.
             Was the Champion of Okawaru.
             Killed from afar by an ice dragon (17 damage)
             ... with a blast of cold
             ... on level 2 of the Vaults.
             The game lasted 01:15:39 (54008 turns).

zhovat the Warrior (Minotaur Fighter)              Turns: 54008, Time: 01:15:39

Health: 0/176      AC: 27    Str: 26    XL:     18   Next: 75%
Magic:  27/27      EV: 15    Int:  8    God:    Okawaru [******]
Gold:   2698       SH: 15    Dex: 13    Spells: 17/17 levels left

rFire    + . .     SeeInvis .   K - +8 whip "Snakebite" {curare, rPois}
rCold    + . .     Gourm    .   O - +1 shield {rPois}
rNeg     + . .     Faith    .   V - +3 plate armour {rN+}
rPois    +         Spirit   .   J - +0 hat {Int+3}
rElec    .         Reflect  .   D - scarf {rC+ rF+}
rCorr    +         Harm     .   L - +2 pair of gloves
MR       ++...                  k - +2 pair of boots
Stlth    ..........             (no amulet)
HPRegen  0.39/turn              n - ring of protection from magic
MPRegen  0.20/turn              R - ring of resist corrosion

@: marked, very slightly contaminated
A: retaliatory headbutt, horns 2
}: 2/15 runes: decaying, gossamer
a: Heroism, Finesse, Renounce Religion


You were on level 2 of the Vaults.
You worshipped Okawaru.
Okawaru was exalted by your worship.
You were not hungry.

You visited 8 branches of the dungeon, and saw 35 of its levels.

You collected 2698 gold pieces.

Inventory:

Hand Weapons
 e - the +3 mace of Abrathe {venom, +Rage rN+ MR+ Str+3}
   (You found it on level 7 of the Dungeon)

   It poisons the flesh of those it strikes.
   It affects your strength (+3).
   It protects you from negative energy.
   It affects your resistance to hostile enchantments.
   It lets you go berserk.
 H - the +6 morningstar of Deistrut {drain, -Tele rElec rPois Dex+6}
   (Okawaru gifted it to you on level 12 of the Dungeon)

   A truly terrible weapon, it drains the life of those it strikes.
   It affects your dexterity (+6).
   It insulates you from electricity.
   It protects you from poison.
   It prevents most forms of teleportation.
 K - the +8 whip "Snakebite" (weapon) {curare, rPois}
   (You found it on level 4 of the Spider Nest)

   It poisons the flesh of those it strikes.
   It protects you from poison.
Armour
 k - a +2 pair of boots (worn)
 s - a +0 crystal plate armour
 D - a scarf of resistance (worn)
 J - a +0 hat of intelligence (worn)
 L - a +2 pair of gloves (worn)
 O - a +1 shield of poison resistance (worn)
 P - a +3 plate armour of cold resistance
 S - a scarf of cloud immunity
 V - a +3 plate armour of positive energy (worn)
 W - a +2 cloak of magic resistance
Jewellery
 n - a ring of protection from magic (left hand)
 G - an uncursed ring of protection from magic
 R - a ring of resist corrosion (right hand)
 Z - an uncursed ring of ice
Wands
 b - a wand of enslavement (18)
 h - a wand of polymorph (62)
 j - a wand of clouds (4)
 o - a wand of flame (106)
 x - a wand of digging (13)
 y - a wand of random effects (54)
 A - a wand of acid (17)
 I - a wand of disintegration (28)
 T - a wand of iceblast (7)
 Y - a wand of scattershot (5)
Scrolls
 i - 13 scrolls of remove curse
 l - 4 scrolls of teleportation
 p - a scroll of enchant weapon
 t - 4 scrolls of fog
 u - 5 scrolls of fear
 v - 5 scrolls of amnesia
 E - 7 scrolls of magic mapping
 F - 3 scrolls of blinking
 M - 6 scrolls of identify
 U - a scroll of holy word
Potions
 a - 3 potions of flight
 d - 7 potions of might
 g - 2 potions of magic
 m - 5 potions of agility
 q - 7 potions of ambrosia
 r - 3 potions of curing
 w - 2 potions of resistance
 z - 2 potions of haste
 B - 2 potions of cancellation
 C - 4 potions of brilliance
Miscellaneous
 c - a lamp of fire
 Q - a lightning rod (4/4)
 X - a phantom mirror
Comestibles
 f - 52 rations


   Skills:
 * Level 19.3 Fighting
 - Level 16.0 Maces & Flails
 + Level 15.2 Armour
 + Level 13.8 Dodging
 + Level 15.4 Shields
 - Level 10.0 Invocations
 * Level 13.9 Evocations


You had 17 spell levels left.
You didn't know any spells.
Your spell library contained the following spells:

 Spells                   Type           Power        Failure   Level  Hunger
 Animate Skeleton         Necr           N/A          96%         1    ##.....
 Apportation              Tloc           #.....       96%         1    ##.....
 Confusing Touch          Hex            #.....       96%         1    ##.....
 Corona                   Hex            #......      96%         1    ##.....
 Pain                     Necr           #...         96%         1    ##.....
 Summon Small Mammal      Summ           #...         96%         1    ##.....
 Corpse Rot               Necr           N/A          99%         2    ###....
 Ensorcelled Hibernation  Hex/Ice        #.....       99%         2    ###....
 Slow                     Hex            #.......     99%         2    ###....
 Sublimation of Blood     Necr           #.........   99%         2    ###....
 Confuse                  Hex            #.......     100%        3    ####...
 Dazzling Spray           Conj/Hex       #.....       100%        3    ####...
 Inner Flame              Hex/Fire       #.......     100%        3    ####...
 Portal Projectile        Hex/Tloc       #.....       100%        3    ####...
 Regeneration             Chrm/Necr      #.........   100%        3    ####...
 Static Discharge         Conj/Air       #.......     100%        3    ####...
 Stone Arrow              Conj/Erth      #.....       100%        3    ####...
 Tukima's Dance           Hex            #.......     100%        3    ####...
 Vampiric Draining        Necr           #.........   100%        3    ####...
 Animate Dead             Necr           N/A          100%        4    #####..
 Cause Fear               Hex            #.........   100%        4    #####..
 Leda's Liquefaction      Hex/Erth       #.........   100%        4    #####..
 Bolt of Magma            Conj/Fire/Erth #.........   100%        5    ######.
 Borgnjor's Vile Clutch   Necr/Erth      #.........   100%        5    ######.
 Iskenderun's Battlesphe  Conj/Chrm      #.......     100%        5    ######.
 Lightning Bolt           Conj/Air       #.........   100%        5    ######.
 Summon Forest            Summ/Tloc      #.........   100%        5    ######.
 Venom Bolt               Conj/Pois      #.........   100%        5    ######.
 Hydra Form               Tmut           #.........   100%        6    #######
 Iron Shot                Conj/Erth      #.........   100%        6    #######
 Orb of Destruction       Conj           #.........   100%        7    #######
 Spellforged Servitor     Conj/Summ      #.........   100%        7    #######
 Summon Hydra             Summ           #.........   100%        7    #######
 Ignition                 Fire           #.........   100%        8    #######
 Shatter                  Erth           #.........   100%        9    #######
 Tornado                  Air            #.........   100%        9    #######


Dungeon Overview and Level Annotations

Branches:
Dungeon (15/15)            Temple (1/1) D:4            Lair (6/6) D:9
  Swamp (4/4) Lair:3       Spider (4/4) Lair:3        Slime (0/5) Lair:5
    Orc (2/2) D:11            Elf (1/3) Orc:2        Vaults (2/5) D:14
 Depths (0/5) D:15
  Crypt: Vaults:2-3

Altars:
Ashenzari
Cheibriados
Elyvilon
Fedhas
Gozag
Hepliaklqana
Kikubaaqudgha
Makhleb
Nemelex Xobeh
Okawaru
Qazlal
Ru
Sif Muna
Trog
Uskayaw
Wu Jian
Xom
Yredelemnul
Zin
Beogh

Shops:
D:10 :   D:12 [   Orc:2 :}(!

Annotations:
D:13 2 transporters, MollyMolluskus's ghost, journeyman OpFi
D:15 3 runed translucent doors
Lair:3 2 transporters, exclusion: 3 oklob plants, Sivo's ghost, journeyman GrBe
Lair:5 exclusion: ice statue
Swamp:2 Lernaean hydra
Spider:4 3 runed translucent doors, deathrave's ghost, adept SpEn


Innate Abilities, Weirdness & Mutations

You reflexively headbutt those who attack you in melee.
You have a pair of horns on your head.


Message History

The ettin hits you with a +0 dire flail!!!
* * * LOW HITPOINT WARNING * * *
You block the ettin's attack. You block the yaktaur's attack.
The yaktaur captain hits you!
* * * LOW HITPOINT WARNING * * *
You block the centaur warrior's attack.
Blink to where?
Press: ? - help, Dir - move target cursor You are very lightly contaminated with residual magic.
As you read the scroll of blinking, it crumbles to dust.
You feel better.
The yaktaur captain wields a +0 arbalest.
The yaktaur captain shoots a bolt.
You block the bolt.
The bolt dissolves into shadows!
Your surroundings suddenly seem different.
An ice dragon comes into view.
The ice dragon roars deafeningly!
The ice dragon breathes frost at you. The blast of cold hits you! You resist.
You die...

#...#
#...#
#...+
#...#
#...#
#.).#
+...#
#@..#
#...#
#.D.#
#...+
#...#
#####


You could see an ice dragon.

Vanquished Creatures
  Nikola (Swamp:2)
  Asterion (Spider:1)
  Frances (D:12)
  A sphinx (Vaults:1)
  Kirke (Lair:3)
  2 thorn hunters
  2 orc warlords
  A fire giant (D:15)
  3 vault wardens (Vaults:1)
  Aizul (Spider:1)
  5 ghost moths (Spider:4)
  7 emperor scorpions
  An ironheart preserver (Vaults:1)
  A stone giant (Vaults:2)
  3 entropy weavers
  Azrael (Spider:1)
  A deep elf death mage (Orc:2)
  An ettin (Orc:2)
  2 yaktaur captains (Vaults:1)
  21 hydras
  Fannar (Lair:1)
  2 ghost crabs
  A catoblepas (Lair:5)
  An ice dragon (Vaults:2)
  4 ogre magi
  2 vault guards (D:14)
  6 centaur warriors
  A merfolk avatar (Lair:6)
  16 two-headed ogres
  2 death yaks (Lair:4)
  16 alligators
  5 orc high priests
  A deep troll earth mage (Vaults:1)
  3 tengu warriors (D:14)
  Sonja (D:10)
  The ghost of Laud the Grappler, a novice TrMo of Trog (D:7)
  Nergalle (D:12)
  The ghost of karrick the Shield-Bearer, a novice GnFi of Okawaru (D:7)
  A sea snake (Lair:6)
  3 skeletal warriors (Vaults:2)
  2 deep trolls (Vaults:1)
  2 unseen horrors
  3 wizards
  19 swamp dragons
  2 deep elf archers (Elf:1)
  The ghost of oXJerXo the Sneak, a novice OpFE of Vehumet (D:8)
  An ironbrand convoker (Vaults:2)
  A lindwurm (Lair:5)
  9 orc knights
  A swamp dragon (shapeshifter) (Vaults:2)
  17 orb spiders
  12 ugly things
  3 orc sorcerers (Orc:2)
  5 deep elf magi
  2 necromancers (D:14)
  21 wolf spiders
  4 moths of wrath
  An elephant (Lair:6)
  9 cyclopes
  5 manticores
  Joseph (D:7)
  2 black mambas (Lair:5)
  4 torpor snails
  The ghost of Swiffty123 the Skirmisher, a novice MiFi of Makhleb (D:7)
  3 vault sentinels
  The ghost of xraymikek the Covert, a novice SpEn of Gozag (D:7)
  Psyche (D:9)
  2 gargoyles
  18 spiny frogs
  A rime drake (Lair:6)
  3 freezing wraiths
  13 demonic crawlers
  7 komodo dragons
  6 yaktaurs
  2 kobold demonologists (D:14)
  11 trolls
  3 tengu conjurers
  A merfolk (D:10)
  3 meliai (D:13)
  21 tyrant leeches
  9 polar bears
  34 jumping spiders
  2 wind drakes (Lair:6)
  A raiju (shapeshifter) (D:13)
  10 hornets
  10 hippogriffs
  16 slime creatures
  11 bog bodies
  12 blink frogs
  7 dream sheep (Lair:4)
  A harpy skeleton (D:15)
  A shadow (D:11)
  24 tarantellas
  A vampire (D:13)
  47 redbacks
  3 spriggans (Swamp:4)
  2 fire elementals (Spider:1)
  4 wraiths (D:11)
  3 wyverns
  32 yaks
  3 hogs (Swamp:1)
  3 basilisks
  3 vampire mosquitoes (Swamp:1)
  2 hungry ghosts
  19 humans (D:14)
  Edmund (D:5)
  Menkaure (D:7)
  4 wargs (Orc:2)
  17 swamp worms
  17 water moccasins
  3 insubstantial wisps (Swamp:1)
  5 hell hounds (Spider:1)
  15 porcupines
  12 swamp drakes
  4 acid dragons
  A sky beast (D:9)
  12 ice beasts
  4 black bears
  2 hornet zombies
  2 necrophages (D:11)
  3 phantoms
  51 orc warriors
  10 boggarts
  22 ogres
  3 wolves (Lair:6)
  11 centaurs
  20 crocodiles
  3 big kobolds
  The ghost of Hala the Sneak, an amateur SpAs (D:7)
  11 bullfrogs
  A wyvern zombie (D:12)
  3 wyvern skeletons
  3 scorpions
  17 killer bees
  14 wights
  5 electric eels
  6 howler monkeys
  2 bullfrog zombies (D:5)
  A centaur zombie (D:8)
  10 crimson imps
  2 human zombies (D:11)
  6 hounds
  7 jellies
  36 orc priests
  3 centaur skeletons
  A gnoll shaman (D:8)
  9 iguanas
  2 human skeletons (D:11)
  Jessica (D:2)
  9 worker ants
  42 orc wizards
  A hound zombie (D:11)
  2 mummies (D:11)
  A howler monkey zombie (D:11)
  A howler monkey skeleton (D:5)
  7 gnolls
  3 adders
  A shadow imp (D:7)
  3 white imps
  2 oozes
  2 adder zombies
  2 adder skeletons
  2 worms
  A dart slug (D:1)
  7 leopard geckos
  156 orcs
  6 bats
  5 giant cockroaches
  6 goblins
  4 hobgoblins
  2 jackals (D:7)
  5 quokkas
  A ball python (D:1)
  A ball python zombie (D:5)
  9 frilled lizards
  17 kobolds
  3 quokka skeletons
  A quokka zombie (D:5)
  7 rats
1283 creatures vanquished.

Vanquished Creatures (collateral kills)
  A slime creature (D:10)
1 creature vanquished.

Vanquished Creatures (others)
  A hydra (Swamp:3)
  An unseen horror (D:12)
  3 tyrant leeches
  A redback (Spider:4)
  An orc (Orc:1)
  37 fungi
  19 plants
63 creatures vanquished.

Grand Total: 1347 creatures vanquished

Notes
Turn   | Place    | Note
-------+----------+-------------------------------------------
     0 | D:1      | zhovat the Minotaur Fighter began the quest for the Orb.
     0 | D:1      | Reached XP level 1. HP: 19/19 MP: 0/0
   655 | D:1      | Reached XP level 2. HP: 27/27 MP: 1/1
  1159 | D:2      | Reached skill level 1 in Dodging
  1238 | D:2      | Reached XP level 3. HP: 33/33 MP: 2/2
  1243 | D:2      | Reached skill level 4 in Fighting
  1466 | D:2      | Noticed Jessica
  1472 | D:2      | Killed Jessica
  1472 | D:2      | Reached XP level 4. HP: 7/40 MP: 3/3
  3050 | D:4      | Reached XP level 5. HP: 22/47 MP: 4/4
  3769 | D:4      | Reached XP level 6. HP: 53/53 MP: 5/5
  4038 | D:4      | Found a staircase to the Ecumenical Temple.
  4183 | D:5      | Entered Level 5 of the Dungeon
  4215 | Temple   | Entered the Ecumenical Temple
  4250 | Temple   | Became a worshipper of Warmaster Okawaru
  4426 | D:5      | Reached skill level 5 in Maces & Flails
  4696 | D:5      | Reached skill level 5 in Fighting
  4696 | D:5      | Reached skill level 5 in Armour
  4734 | D:5      | Reached * piety under Okawaru
  4734 | D:5      | Reached skill level 5 in Shields
  4734 | D:5      | Reached skill level 1 in Evocations
  4864 | D:5      | Reached XP level 7. HP: 60/61 MP: 6/6
  4900 | D:5      | Noticed Edmund
  4906 | D:5      | Killed Edmund
  4906 | D:5      | Reached skill level 1 in Invocations
  5524 | D:6      | Found an opulent altar of Gozag.
  5706 | D:6      | Found an opulent altar of Gozag.
  6040 | D:6      | Reached XP level 8. HP: 69/69 MP: 8/8
  6475 | D:7      | Found a runed translucent gate.
  6475 | D:7      | Found a runed translucent gate.
  6475 | D:7      | Found a runed translucent gate.
  6475 | D:7      | Noticed karrick's ghost (novice GnFi)
  6475 | D:7      | Noticed Laud's ghost (novice TrMo)
  6477 | D:7      | Noticed Swiffty123's ghost (novice MiFi)
  6480 | D:7      | Reached ** piety under Okawaru
  6488 | D:7      | Noticed xraymikek's ghost (novice SpEn)
  6490 | D:7      | Noticed Hala's ghost (amateur SpAs)
  6592 | D:7      | Noticed Menkaure
  6598 | D:7      | Killed Menkaure
  6879 | D:7      | Found a burning altar of Makhleb.
  6885 | D:7      | Noticed Joseph
  6897 | D:7      | Killed Joseph
  6897 | D:7      | Reached skill level 6 in Fighting
  7126 | D:7      | Reached XP level 9. HP: 75/75 MP: 11/11
  7210 | D:7      | Reached *** piety under Okawaru
  7911 | D:8      | Found a runed translucent gate.
  7918 | D:8      | Found a runed translucent gate.
  7936 | D:8      | Reached skill level 5 in Invocations
  8183 | D:8      | Reached skill level 5 in Dodging
  8567 | D:8      | Found a runed translucent gate.
  8571 | D:8      | Noticed oXJerXo's ghost (novice OpFE)
  8583 | D:8      | Killed oXJerXo's ghost
  8583 | D:8      | Reached **** piety under Okawaru
  8583 | D:8      | Reached skill level 7 in Fighting
  8583 | D:8      | Reached XP level 10. HP: 55/86 MP: 13/13
  8980 | D:7      | Killed Laud's ghost
  8986 | D:7      | Killed xraymikek's ghost
  8991 | D:7      | Killed karrick's ghost
  8997 | D:7      | Killed Swiffty123's ghost
  9002 | D:7      | Killed Hala's ghost
  9013 | D:7      | Got a smoking mace
  9014 | D:7      | Identified the +3 mace of Abrathe {venom, +Rage rN+ MR+
                  | Str+3} (You found it on level 7 of the Dungeon)
  9125 | D:9      | Noticed Psyche
  9130 | D:9      | Reached ***** piety under Okawaru
  9133 | D:9      | Paralysed by Psyche for 7 turns
  9270 | D:9      | Killed Psyche
  9270 | D:9      | Reached skill level 10 in Maces & Flails
  9507 | D:9      | Received a gift from Okawaru
  9674 | D:8      | Reached skill level 8 in Fighting
 10152 | D:9      | Reached XP level 11. HP: 75/94 MP: 15/15
 10224 | D:9      | Found a staircase to the Lair.
 10715 | D:10     | Entered Level 10 of the Dungeon
 10909 | D:10     | Reached skill level 5 in Evocations
 11262 | Lair:1   | Entered Level 1 of the Lair of Beasts
 11531 | Lair:1   | Noticed a six-headed hydra
 11540 | Lair:1   | Killed a six-headed hydra
 11803 | Lair:1   | Noticed Fannar
 11816 | Lair:1   | Killed Fannar
 12444 | Lair:2   | Noticed a seven-headed hydra
 12477 | Lair:2   | Killed a seven-headed hydra
 12477 | Lair:2   | Received a gift from Okawaru
 12477 | Lair:2   | Reached skill level 9 in Fighting
 13917 | Lair:2   | Reached XP level 12. HP: 98/105 MP: 16/16
 15154 | Lair:3   | Found a transporter.
 15157 | Lair:3   | Noticed Sivo's ghost (journeyman GrBe)
 15169 | Lair:3   | Found a transporter.
 15218 | Lair:3   | Reached skill level 10 in Fighting
 15378 | Lair:3   | Noticed a four-headed hydra
 15385 | Lair:3   | Killed a four-headed hydra
 15396 | Lair:3   | Received a gift from Okawaru
 15532 | Lair:3   | Found a hole to the Spider Nest.
 15666 | Lair:3   | Found a staircase to the Swamp.
 16932 | Lair:4   | Noticed a death yak
 16933 | Lair:4   | Noticed a death yak
 16966 | Lair:4   | Killed a death yak
 16974 | Lair:4   | Killed a death yak
 17532 | Lair:4   | Found the +2 robe of Vines {NoPotionHeal Regen+7}
 18184 | Lair:5   | Reached skill level 11 in Fighting
 18198 | Lair:5   | Reached skill level 10 in Shields
 18510 | Lair:5   | Noticed a catoblepas
 18531 | Lair:4   | Reached XP level 13. HP: 107/116 MP: 18/18
 18817 | D:10     | Reached skill level 10 in Armour
 19020 | D:10     | Found Agefiti's Book Shop.
 19210 | D:10     | Noticed Sonja
 19217 | D:10     | Killed Sonja
 20876 | D:11     | Received a gift from Okawaru
 21354 | D:11     | Found a roughly hewn altar of Beogh.
 21354 | D:11     | Found a staircase to the Orcish Mines.
 21649 | D:11     | Found a basalt altar of Yredelemnul.
 21924 | D:12     | Found a hazy altar of Hepliaklqana.
 22312 | D:12     | Found Papsyip's Armour Boutique.
 22368 | D:12     | Noticed Frances
 22371 | D:12     | Received a gift from Okawaru
 22390 | D:12     | Killed Frances
 22390 | D:12     | Reached ****** piety under Okawaru
 22390 | D:12     | Reached skill level 12 in Fighting
 22405 | D:12     | Got an ancient morningstar {god gift}
 22406 | D:12     | Identified the +6 morningstar of Deistrut {drain, -Tele
                  | rElec rPois Dex+6} (Okawaru gifted it to you on level 12 of
                  | the Dungeon)
 22907 | D:12     | Noticed Nergalle
 22928 | D:12     | Killed Nergalle
 23987 | D:13     | Found a transporter.
 23992 | D:13     | Noticed MollyMolluskus's ghost (journeyman OpFi)
 24009 | D:13     | Found a transporter.
 24374 | D:13     | Reached XP level 14. HP: 127/127 MP: 19/19
 24612 | D:14     | Received a gift from Okawaru
 25983 | D:14     | Reached skill level 13 in Fighting
 26125 | D:14     | Received a gift from Okawaru
 26313 | D:14     | Received a gift from Okawaru
 26445 | D:14     | Found a gate to the Vaults.
 26681 | D:15     | Entered Level 15 of the Dungeon
 27007 | D:15     | Found a staircase to the Depths.
 27007 | D:15     | Noticed a fire giant
 27026 | D:15     | Killed a fire giant
 27330 | D:15     | Found a runed translucent gate.
 27330 | D:15     | Found a runed translucent gate.
 27330 | D:15     | Found a runed translucent gate.
 27330 | D:15     | Noticed a brown very ugly thing
 27330 | D:15     | Noticed a cyan very ugly thing
 27330 | D:15     | Noticed a purple very ugly thing
 27500 | D:15     | Noticed an angel
 27501 | D:15     | Found a glowing silver altar of Zin.
 27581 | D:15     | Reached skill level 15 in Maces & Flails
 28095 | Lair:5   | Reached skill level 10 in Dodging
 28241 | Lair:5   | Found a staircase to the Slime Pits.
 28305 | Lair:5   | Received a gift from Okawaru
 28385 | Lair:5   | Got a dazzling flail {god gift}
 28386 | Lair:5   | Identified the +0 flail of Defiance {speed, rF+ rN++ Str-4
                  | Int+2} (Okawaru gifted it to you on level 5 of the Lair of
                  | Beasts)
 28542 | Lair:5   | Reached XP level 15. HP: 135/137 MP: 21/21
 28700 | Lair:5   | Reached skill level 10 in Invocations
 29167 | Lair:6   | Entered Level 6 of the Lair of Beasts
 29361 | Lair:6   | Received a gift from Okawaru
 29453 | Lair:6   | Reached skill level 14 in Fighting
 30285 | Lair:6   | Identified the Grimoire of the Ghastly Glacier
 30939 | Orc:1    | Entered Level 1 of the Orcish Mines
 30945 | Orc:1    | Found a burning altar of Makhleb.
 30947 | Orc:1    | Noticed an orc warlord
 30971 | Orc:1    | Killed an orc warlord
 31221 | Orc:2    | Entered Level 2 of the Orcish Mines
 31600 | Orc:2    | Found a roughly hewn altar of Beogh.
 31800 | Orc:2    | Found Hotib's Weapon Boutique.
 31856 | Orc:2    | Found Caefroto's Distillery.
 32109 | Orc:2    | Received a gift from Okawaru
 32389 | Orc:2    | Found a staircase to the Elven Halls.
 32953 | Orc:2    | Noticed an orc warlord
 32954 | Orc:2    | Found a roughly hewn altar of Beogh.
 32995 | Orc:2    | Killed an orc warlord
 33391 | Orc:2    | Found Beuxaryc's Gadget Boutique.
 33543 | Orc:2    | Found Geim Ist's Book Shop.
 33570 | Orc:2    | Reached skill level 15 in Fighting
 34007 | Spider:1 | Entered Level 1 of the Spider Nest
 34421 | Spider:1 | Reached skill level 10 in Evocations
 34432 | Spider:1 | Noticed Azrael
 34456 | Spider:1 | Killed Azrael
 34456 | Spider:1 | Reached XP level 16. HP: 44/149 MP: 22/22
 35118 | Spider:1 | Noticed Aizul
 35138 | Spider:1 | Killed Aizul
 35747 | Spider:1 | Received a gift from Okawaru
 36022 | Spider:1 | Noticed Asterion
 36034 | Spider:1 | Killed Asterion
 37664 | Spider:2 | Reached skill level 16 in Fighting
 39763 | Spider:4 | Entered Level 4 of the Spider Nest
 39766 | Spider:4 | Found the +8 whip "Snakebite" {curare, rPois}
 39781 | Spider:4 | Received a gift from Okawaru
 40864 | Spider:4 | Reached XP level 17. HP: 117/160 MP: 0/24
 41274 | Spider:3 | Received a gift from Okawaru
 41874 | Spider:4 | Found a runed translucent gate.
 41874 | Spider:4 | Found a runed translucent gate.
 41874 | Spider:4 | Noticed deathrave's ghost (adept SpEn)
 41875 | Spider:4 | Found a runed translucent gate.
 41986 | Spider:4 | Reached skill level 17 in Fighting
 43574 | Spider:4 | Got a gossamer rune of Zot
 43894 | Swamp:1  | Entered Level 1 of the Swamp
 43983 | Swamp:1  | Noticed Kirke
 44134 | Lair:3   | Killed Kirke
 45901 | Swamp:2  | Noticed Nikola
 45919 | Swamp:2  | Killed Nikola
 45919 | Swamp:2  | Received a gift from Okawaru
 46975 | Swamp:3  | Reached skill level 18 in Fighting
 47805 | Swamp:4  | Entered Level 4 of the Swamp
 48265 | Swamp:4  | Received a gift from Okawaru
 48585 | Swamp:4  | Reached XP level 18. HP: 92/172 MP: 26/26
 49286 | Swamp:4  | Noticed the 27-headed Lernaean hydra
 49470 | Swamp:4  | Got a decaying rune of Zot
 49715 | Swamp:4  | Found a blossoming altar of Fedhas.
 50278 | Elf:1    | Entered Level 1 of the Elven Halls
 51190 | Vaults:1 | Entered Level 1 of the Vaults
 51640 | Vaults:1 | Reached skill level 15 in Shields
 51815 | Vaults:1 | Paralysed by an ogre mage for 7 turns
 52039 | Vaults:1 | Received a gift from Okawaru
 52428 | Vaults:1 | Reached skill level 19 in Fighting
 52428 | Vaults:1 | Reached skill level 15 in Armour
 53337 | Vaults:2 | Received a gift from Okawaru
 53997 | Vaults:2 | Paralysed by a great orb of eyes for 7 turns
 54008 | Vaults:2 | Killed from afar by an ice dragon

Skill      XL: |  1  2  3  4  5  6  7  8  9 10 11 12 13 14 15 16 17 18 |
---------------+-------------------------------------------------------+-----
Maces & Flails | 3 4 5 6 7 9 10 11 12 14 15 16 | 16.0
Dodging        | 1 2 3 4 5 6 7 8 9 10 11 12 13 | 13.8
Fighting       | 4 5 6 7 8 9 11 12 13 15 16 18 19 | 19.3
Armour         | 4 5 6 7 8 9 10 11 12 13 14 15 | 15.2
Shields        | 4 5 6 7 8 9 10 11 12 13 14 15 | 15.4
Evocations     | 1 2 3 4 5 6 7 8 10 11 13 | 13.9
Invocations    | 2 4 5 6 7 8 9 10 | 10.0

Action                   |  1- 3 |  4- 6 |  7- 9 | 10-12 | 13-15 | 16-18 || total
-------------------------+-------+-------+-------+-------+-------+-------++-------
Melee: Flail             |    32 |       |       |       |       |       ||    32
       Headbutt          |     5 |    16 |    43 |   202 |   440 |   693 ||  1399
       War axe           |    28 |   112 |   216 |    27 |       |       ||   383
       Mace              |       |       |       |   699 |   422 |       ||  1121
       Morningstar       |       |       |       |       |  1256 |   439 ||  1695
       Whip              |       |       |       |       |       |  1815 ||  1815
Invok: Heroism           |       |       |       |     2 |     1 |     7 ||    10
       Finesse           |       |       |       |       |     1 |     5 ||     6
Evoke: Wand              |       |       |       |       |     6 |     5 ||    11
  Use: Potion            |     1 |     1 |       |     8 |     3 |    11 ||    24
       Scroll            |       |    11 |     8 |     7 |    10 |    14 ||    50
 Stab: Distracted        |       |       |     1 |       |       |       ||     1
       Invisible         |       |       |       |       |       |    11 ||    11
       Confused          |       |       |       |       |       |     1 ||     1
  Eat: Chunk             |     2 |    10 |    12 |    34 |    46 |    40 ||   144
       Ration            |       |       |       |       |     2 |     7 ||     9
Armor: Scale mail        |    33 |    38 |    20 |       |       |       ||    91
       Plate armour      |       |       |    87 |   308 |   585 |  1078 ||  2058
Dodge: Dodged            |     9 |    36 |    70 |   232 |   470 |   863 ||  1680
Block: Shield            |    27 |    50 |   136 |   413 |  1007 |  1394 ||  3027
